Map: Triton LE

Players

ProfEmeritus

  • Race: Protoss Protoss
  • League: Silver
  • Spawn Location: 5:00

pHARM - Winner!

  • Race: Zerg Zerg
  • League: Platinum
  • Spawn Location: 11:00

VOD

Have the link to the VOD?

Description

Time

  • Played on: Aug. 30, 2019, 10:58 p.m.
  • Length: 10:00
Show
View Real Time Build Order
Export as new Build Order

ProfEmeritus Protoss 

Build Orders:  

Get SALT Encoding   

  12  0:01  Probe  
  13  0:13  Probe  
  14  0:19  Pylon  
  14  0:25  Probe  
  15  0:37  Probe  
  15  0:41  Gateway  
  16  0:51  Probe  
  17  1:06  Forge, Probe  
  18  1:33  Zealot  
  18  1:38  Pylon  
  18  1:40  Probe  
  18  1:46  Assimilator  
  21  1:50  Cybernetics Core, Assimilator  
  21  1:58  Zealot  
  22  2:16  Probe  
  23  2:32  Warp Gate  
  23  2:33  Pylon  
  23  2:51  Probe  
  24  2:59  Nexus  
  24  3:03  Probe  
  25  3:06  Robotics Facility  
  25  3:23  Pylon  
  25  3:24  Stalker  
  27  3:37  Probe  
  28  3:47  Gateway  
  28  3:50  Gateway  
  28  3:53  Shield Battery, Stalker  
  30  4:02  Probe  
  31  4:05  Observer  
  32  4:11  Stargate, Probe  
  32  4:13  Photon Cannon  
  33  4:23  Probe  
  33  4:26  Probe  
  35  4:46  Stalker  
  35  4:48  Zealot  
  39  5:29  Oracle  
  39  5:32  Stargate  
  39  5:33  Probe x2  
  44  5:35  Assimilator  
  44  5:39  Zealot  
  46  5:46  Twilight Council  
  46  5:48  Pylon  
  46  5:53  Zealot  
  46  5:54  Zealot  
  50  6:00  Assimilator  
  35  6:53  Oracle x2  
  33  6:58  Probe  
  34  7:12  Pylon  
  34  7:14  Pylon  
  34  7:17  Pylon  
  10  7:58  Oracle x2  
  16  8:38  Probe  
  17  8:50  Probe  
Show
View Real Time Build Order
Export as new Build Order

pHARM Zerg - Winner!

Build Orders: Hatch First, Roach Hydra 

Get SALT Encoding   

  12  0:01  Drone  
  13  0:13  Drone  
  14  0:16  Overlord  
  14  0:34  Drone  
  14  0:35  Drone  
  16  0:48  Hatchery  
  15  0:57  Drone x2  
  15  0:59  Drone  
  18  1:25  Drone x2  
  20  1:36  Drone  
  21  1:43  Spawning Pool  
  20  1:49  Drone  
  20  1:53  Drone  
  23  2:01  Drone  
  23  2:07  Extractor  
  23  2:08  Drone  
  23  2:15  Overlord  
  23  2:17  Drone  
  24  2:34  Drone x4  
  24  2:35  Queen x2  
  32  2:50  Drone x2  
  34  2:54  Overlord  
  34  3:03  Drone  
  35  3:24  Spine Crawler  
  35  3:25  Extractor  
  35  3:26  Extractor, Drone x4  
  36  3:28  Lair  
  36  3:29  Queen  
  36  3:32  Drone  
  36  3:33  Drone  
  40  3:38  Evolution Chamber  
  40  3:41  Roach Warren  
  38  3:42  Drone x2  
  38  3:45  Evolution Chamber  
  39  3:55  Drone  
  39  3:56  Drone x3  
  43  4:03  Drone  
  43  4:04  Overlord  
  43  4:05  Overlord  
  43  4:06  Zerg Missile Weapons Level 1  
  44  4:25  Drone x2  
  44  4:26  Drone x2  
  44  4:27  Glial Reconstitution  
  44  4:29  Roach  
  44  4:30  Roach x5  
  60  4:32  Overlord  
  60  4:43  Overlord x2  
  60  4:50  Hatchery  
  59  5:08  Roach x8  
  75  5:44  Drone  
  75  5:45  Overlord x3  
  76  6:06  Hydralisk Den  
  71  6:41  Drone x17  
  71  6:42  Drone x6  
  71  6:44  Grooved Spines  
  71  6:46  Zerg Missile Weapons Level 2  
  94  6:47  Zerg Ground Armor Level 1  
  94  6:53  Extractor  
  91  6:58  Extractor  
  91  7:00  Spore Crawler, Spine Crawler  
  88  7:02  Spore Crawler  
  88  7:05  Spore Crawler  
  84  7:36  Drone x2  
  82  7:45  Drone x2, Infestation Pit, Extractor  
  82  7:48  Drone x2  
  82  7:49  Drone  
  85  7:53  Drone  
  85  7:56  Muscular Augments  
  86  8:11  Hydralisk x10  
  106  8:13  Overlord x4  
  106  8:14  Overlord  
  102  8:38  Hydralisk x9  
  120  9:06  Hatchery  
Tags
 
Composition
Roach Hydra
Matchup
PvZ
Replay Pack
10.7.19
Spawn Locations
Cross Positions
Add a new tag
Caveats
  • Supply blocks, unpowered buildings, or Contaminate may cause inaccurate times.
  • Supply counts are checked every 10 seconds.